 Dungeon Crawl Stone Soup version 0.27.1-34-g3ba077fa99 (webtiles) character file.

Game seed: 15481381442968671641

2385 Delamore the Covert (level 9, -2/54 HPs)
             Began as an Octopode Brigand on Jan 20, 2022.
             Was an Initiate of Gozag.
             Slain by a kobold (4 damage)
             ... on level 7 of the Dungeon.
             The game lasted 00:08:59 (7632 turns).

Delamore the Covert (Octopode Brigand)              Turns: 7632, Time: 00:08:59

Health: -2/54      AC: -1    Str: 11    XL:     9   Next: 45%
Magic:  9/9        EV: 13    Int: 13    God:    Gozag
Gold:   193        SH:  0    Dex: 16    Spells: 8/8 levels left

rFire    + . .     SeeInvis .   D - +2 dagger (vamp)
rCold    + . .     Faith    .   (no shield)
rNeg     + . .     Spirit   .   e - -2 hat of the Alchemist {rElec rPois rF+ rC+ rN+ Will+ rMut rCorr}
rPois    +         Reflect  .   (no amulet)
rElec    +         Harm     .   (no ring)
rCorr    +         Rampage  .   (no ring)
rMut     +                      (no ring)
Will     +....                  (no ring)
Stlth    ++++++....             (no ring)
HPRegen  0.18/turn              (no ring)
MPRegen  0.11/turn              (no ring)
                                (no ring)

@: gold aura
A: almost no armour, amphibious, 8 rings, camouflage 1, gelatinous body 1,
(nimble swimmer 1), tentacles
a: Renounce Religion, Potion Petition, Call Merchant, Bribe Branch


You were on level 7 of the Dungeon.
You worshipped Gozag.
Gozag was aware of your devotion.
You visited 2 branches of the dungeon, and saw 8 of its levels.

You collected 403 gold pieces.
You spent 112 gold pieces at shops.
You paid 98 gold pieces to Gozag.

Inventory:

Hand Weapons
 a - a +2 dagger
 m - a +2 dagger of speed
 D - a +2 vampiric dagger (weapon)
Missiles
 b - 7 poisoned darts (quivered)
 z - 4 datura-tipped darts
 E - 5 javelins
Armour
 e - the -2 hat of the Alchemist (worn) {rElec rPois rF+ rC+ rN+ Will+ rMut rCorr}
   (You acquired it on level 3 of the Dungeon)

   rF:        It protects you from fire.
   rC:        It protects you from cold.
   rElec:     It insulates you from electricity.
   rPois:     It protects you from poison.
   rN:        It protects you from negative energy.
   rCorr:     It protects you from acid and corrosion.
   rMut:      It protects you from mutation.
   Will:      It increases your willpower.
Wands
 y - a wand of charming (6)
 C - a wand of acid (4)
Scrolls
 g - a scroll of fear
 i - a scroll of enchant armour {unknown}
 k - 3 scrolls of teleportation
 p - a scroll of noise {unknown}
 q - 2 scrolls of fog {unknown}
 r - a scroll of magic mapping {unknown}
 s - a scroll of immolation {unknown}
 u - a scroll of blinking
 v - a scroll of enchant weapon {unknown}
 A - a scroll of identify
Potions
 d - 2 potions of haste
 f - a potion of degeneration {unknown}
 h - a potion of magic {unknown}
 j - a potion of berserk rage
 l - a potion of heal wounds
 n - 2 potions of flight
 o - a potion of invisibility {unknown}
 t - a potion of might
 w - a potion of curing
 x - a potion of cancellation {unknown}
 B - a potion of mutation {unknown}


   Skills:
 - Level 2.0 Fighting
 + Level 9.0 Short Blades
 - Level 2.0 Throwing
 - Level 1.0 Dodging
 + Level 13.0 Stealth


You had 8 spell levels left.
You didn't know any spells.
Your spell library contained the following spells:

 Spells                   Type           Power      Damage    Failure   Level
 Slow                     Hex            0%         N/A       43%         2
 Confusing Touch          Hex            0%         N/A       67%         3
 Vampiric Draining        Necr           0%         2d6       67%         3


Dungeon Overview and Level Annotations

Branches:
Dungeon (7/15)             Temple (1/1) D:6

Altars:
Cheibriados
Dithmenos
Fedhas
Gozag
Hepliaklqana
Nemelex Xobeh
Qazlal
Sif Muna
Trog
Uskayaw
Wu Jian
Yredelemnul
The Shining One

Shops:
D:6 !

Annotations:
D:7 Maggie


Innate Abilities, Weirdness & Mutations

You cannot wear most types of armour.
You are amphibious.
You can wear up to eight rings at the same time.
Your skin changes colour to match your surroundings (Stealth+).
Your rubbery body absorbs attacks. (AC +1, EV +1)
((You are camouflaged near water. (Stealth+)))
You have tentacles for arms and can constrict up to eight enemies at once.


Message History

Press: ? - help, Q - select action, (/) - cycle Shift-Dir - straight line, f/p - kobold demonologist
Aim: a kobold demonologist, wielding a +0 quarterstaff and wearing a +0 robe (51% to hit)
You throw a poisoned dart.
The poisoned dart hits the kobold demonologist.
The kobold demonologist is poisoned.
The kobold throws a silver boomerang.
The silver boomerang closely misses you.
The kobold hits you with a +0 short sword.
The kobold hits you with a +0 dagger.
You hit the kobold demonologist but do no damage.
Your grab misses the kobold demonologist.
You squeeze the kobold demonologist.
The kobold demonologist is lightly wounded.
The kobold demonologist hits you with a +0 quarterstaff.
The kobold throws a silver boomerang.
The silver boomerang hits you.
You completely miss the kobold demonologist.
Your grab misses the kobold demonologist.
You squeeze the kobold demonologist!
The kobold demonologist is moderately wounded.
The kobold hits you with a +0 short sword.
* * * LOW HITPOINT WARNING * * *
The kobold hits you with a +0 dagger.
* * * LOW HITPOINT WARNING * * *
The iron imp barely misses you.
You closely miss the kobold demonologist.
You grab the kobold demonologist.
The kobold demonologist is moderately wounded.
You constrict the kobold demonologist.
The kobold demonologist hits you with a +0 quarterstaff.
* * * LOW HITPOINT WARNING * * *
The kobold throws a silver boomerang.
The silver boomerang hits you.
* * * LOW HITPOINT WARNING * * *
x2 The kobold misses you.
Aiming: Charm
Press: ? - help, Shift-Dir - straight line, f/p - kobold demonologist
Aim: a kobold demonologist, wielding a +0 quarterstaff and wearing a +0 robe (moderately wounded, constricted by you, poisoned, chance to affect: 28%)
The kobold demonologist easily resists.
You constrict the kobold demonologist. The kobold hits you with a +0 dagger.
You die...
Your body crumbles into a pile of gold.

##.........................##.$.
.#...........$.##..............<$
...##...)......##.#.#...##....##.
.......##.......##..#...##..#..#.
........#.......###$##..##.##..#.
.....................#.##......#.
..........................#...##.
.#.#...##......K.............##>
#####$.####...K.@..............#.
.........$.....KK5$...........##.
.....$.............(...........##
###..#.#..............#..........
##..##.......#..(.....###...##...
#....##......##.#......#...###.##
...####......#..#................
.#####...........###.........#...
..#.............###.........####.


You could see a kobold demonologist (poisoned), an iron imp (summoned) and 3
kobolds.

Vanquished Creatures
  Joseph (D:7)
  A kobold demonologist (D:7)
  An orc warrior (D:5)
  2 sky beasts
  2 ice beasts (D:7)
  4 ogres
  A centaur (D:6)
  A kobold brigand (D:7)
  2 bullfrogs
  2 wights (D:7)
  A howler monkey (D:7)
  2 jellies
  2 orc priests
  A centaur skeleton (D:7)
  A hound (D:2)
  2 bullfrog skeletons
  A scorpion zombie (D:5)
  3 iguanas
  An orc wizard (D:5)
  A hound zombie (D:5)
  A hound skeleton (D:4)
  A howler monkey skeleton (D:5)
  3 gnolls
  5 adders
  A shadow imp (D:7)
  A white imp (D:6)
  A worm (D:2)
  3 dart slugs
  11 orcs
  4 endoplasms
  13 giant cockroaches
  9 goblins
  9 hobgoblins
  8 jackals
  2 quokkas
  10 ball pythons
  2 frilled lizards
  3 kobolds
  4 rats
123 creatures vanquished.

Vanquished Creatures (collateral kills)
  A wight (D:7)
  A gnoll (D:7)
  An orc (D:7)
3 creatures vanquished.

Vanquished Creatures (others)
  A gnoll (D:7)
1 creature vanquished.

Grand Total: 127 creatures vanquished

Notes
Turn   | Place    | Note
-------+----------+-------------------------------------------
     0 | D:1      | Delamore the Octopode Brigand began the quest for the Orb.
     0 | D:1      | Reached XP level 1. HP: 14/14 MP: 1/1
   203 | D:1      | Reached XP level 2. HP: 19/19 MP: 2/2
   408 | D:1      | Found a faded altar of an unknown god.
   941 | D:2      | Reached skill level 6 in Stealth
   968 | D:2      | Reached XP level 3. HP: 22/24 MP: 3/3
  1403 | D:2      | Reached XP level 4. HP: 26/29 MP: 4/4
  1530 | D:2      | Reached skill level 7 in Stealth
  2087 | D:3      | Identified a scroll of acquirement
  2090 | D:3      | Acquired the -2 hat of the Alchemist {rElec rPois rF+ rC+
                  | rN+ Will+ rMut rCorr}
  2090 | D:3      | Found the -2 hat of the Alchemist {rElec rPois rF+ rC+ rN+
                  | Will+ rMut rCorr}
  2363 | D:3      | Reached XP level 5. HP: 34/34 MP: 5/5
  3170 | D:4      | Found a snail-covered altar of Cheibriados.
  3171 | D:4      | Found a basalt altar of Yredelemnul.
  3389 | D:4      | Noticed a sky beast
  3394 | D:4      | Killed a sky beast
  3395 | D:4      | Reached skill level 8 in Stealth
  3395 | D:4      | Reached XP level 6. HP: 39/39 MP: 6/6
  4065 | D:5      | Entered Level 5 of the Dungeon
  4100 | D:5      | Noticed an orc warrior
  4355 | D:5      | Reached skill level 5 in Short Blades
  4389 | D:5      | Reached skill level 9 in Stealth
  4389 | D:5      | Reached XP level 7. HP: 36/45 MP: 7/7
  4728 | D:5      | Reached skill level 10 in Stealth
  5077 | D:5      | Reached XP level 8. HP: 36/50 MP: 8/8
  5663 | D:6      | Found a staircase to the Ecumenical Temple.
  5672 | Temple   | Entered the Ecumenical Temple
  5696 | Temple   | Became a worshipper of Gozag Ym Sagoz the Greedy
  5747 | D:6      | Found Acwu's Distillery.
  6114 | D:6      | Reached skill level 11 in Stealth
  6289 | D:6      | Bought a potion of heal wounds for 70 gold pieces
  6289 | D:6      | Bought a potion of curing for 42 gold pieces
  6625 | D:7      | Noticed a kobold demonologist
  6627 | D:7      | Noticed a kobold demonologist
  7010 | D:7      | Noticed Maggie
  7088 | D:7      | Reached skill level 12 in Stealth
  7088 | D:7      | Reached XP level 9. HP: 40/54 MP: 9/9
  7325 | D:7      | Noticed Joseph
  7356 | D:7      | HP: 2/54 [Joseph (10)]
  7359 | D:7      | Killed Joseph
  7616 | D:7      | Killed a kobold demonologist
  7617 | D:7      | Reached skill level 13 in Stealth
  7631 | D:7      | HP: 2/54 [kobold/silver boomerang (1)]
  7632 | D:7      | Slain by a kobold

Illustrated notes

Levels and vault maps discovered:
D:1:      dpeg_arrival_morbid_curiosity, layout_basic, basic_ecumenical_altar
D:2:      minmay_roachtagon, layout_loops_ring, hex_medium
D:3:      layout_loops_cross, kennysheep_cross_bottleneck,
          kennysheep_generic_room_14
D:4:      kennysheep_six_static_rooms, layout_loops_corners,
          mainiacjoe_overflow_divided_tiny
D:5:      layout_loops_ring, guppyfry_early_orc_mine
D:6:      layout_rooms, minmay_temple_entry_stoned_glass, serial_shops,
          shop_statue
D:7:      layout_cave_pools, kennysheep_generic_room_12, uniq_joseph,
          uniq_maggie
Temple:   hc_temple_tempest_star

Skill      XL: |  1  2  3  4  5  6  7  8  9 |
---------------+----------------------------+-----
Stealth        | 6 7 8 9 10 12 13 | 13.0
Short Blades   | 3 4 5 6 8 9 |  9.0
Fighting       | |  2.0
Throwing       | |  2.0
Dodging        | |  1.0

Action                   |  1- 3 |  4- 6 |  7- 9 || total
-------------------------+-------+-------+-------++-------
Melee: Dagger            |    60 |   104 |   186 ||   350
       Constrict         |    16 |    20 |    25 ||    61
       Tentacles         |     5 |    16 |    51 ||    72
Throw: Dart              |       |       |    12 ||    12
Evoke: Wand              |       |       |     5 ||     5
  Use: Scroll            |       |     7 |     2 ||     9
       Potion            |       |       |     2 ||     2
 Stab: Sleeping          |    13 |    19 |     9 ||    41
       Distracted        |       |     1 |     1 ||     2
Armor: Skin              |     5 |     1 |       ||     6
Dodge: Dodged            |    27 |    29 |    68 ||   124
